 Dungeon Crawl Stone Soup version 0.21.1-1-g345015f (webtiles) character file.

90 theblackcape the Ducker (level 4, 0/21 HPs)
             Began as a Felid Monk on July 7, 2018.
             Slain by a gnoll
             ... wielding a +0 halberd
              (14 damage)
             ... on level 3 of the Dungeon.
             The game lasted 00:08:45 (3280 turns).

theblackcape the Ducker (Felid Monk)                Turns: 3280, Time: 00:08:45

Health: 0/21       AC:  1    Str:  7    XL:     4   Next: 32%
Magic:  5/5        EV: 23    Int: 11    God:    Xom [..*...]
Gold:   96         SH:  4    Dex: 19    Spells: 3/3 levels left
                                        Lives:  0   Deaths: 1

rFire    . . .     SeeInvis +     - Unarmed
rCold    . . .     Gourm    .   (shield unavailable)
rNeg     . . .     Faith    .   (armour unavailable)
rPois    .         Spirit   .   (helmet unavailable)
rElec    +         Reflect  .   (cloak unavailable)
rCorr    .         Harm     .   (gloves unavailable)
MR       .....                  (boots unavailable)
Stlth    +++.......             (no amulet)
HPRegen  0.07/turn              (no ring)
MPRegen  0.09/turn              (no ring)

@: quick
A: very small, no armour, no weapons or thrown items, stealth, claws 1, fangs 3,
large bone plates 1, see invisible, carnivore, speed 1, shaggy fur 1,
electricity resistance, slow metabolism 1, sharp paws
a: Renounce Religion


You were on level 3 of the Dungeon.
You worshipped Xom.
You were a toy of Xom.
You were full.

You visited 1 branch of the dungeon, and saw 3 of its levels.

You collected 96 gold pieces.

Inventory:

Jewellery
 c - an uncursed amulet of faith {unknown}
Scrolls
 b - a scroll of identify
 e - 2 scrolls of fear {unknown}
 g - a scroll of enchant weapon {unknown}
 h - a scroll of remove curse {unknown}
 j - a scroll of magic mapping {unknown}
Potions
 d - a potion of agility
 f - a potion of mutation
 i - a potion of flight {unknown}
 k - a potion of haste {unknown}
Comestibles
 a - 2 rations


   Skills:
 - Level 3.4 Fighting
 + Level 6.8 Dodging
 - Level 3.0 Stealth
 - Level 3.4 Unarmed Combat


You had 3 spell levels left.
You didn't know any spells.

Dungeon Overview and Level Annotations

Branches:
Dungeon (3/15)

Altars:
Gozag
Qazlal
Ru
Xom


Innate Abilities, Weirdness & Mutations

You cannot wear armour.
You are incapable of wielding weapons or throwing items.
Your paws allow you to move quietly. (Stealth)
You have sharp claws.
You have razor-sharp teeth.
You have supernaturally acute eyesight. (SInv)
You are carnivorous and can eat meat at any time.
You cover ground quickly.
You are covered in fur. (AC +1)
You have a slow metabolism.
Your sharp claws are effective at attacking unaware monsters.
You are partially covered in large bone plates. (SH +4)
You are resistant to electric shocks. (rElec)


Message History

You barely miss the gnoll. You claw the gnoll.
The gnoll is moderately wounded.
The gnoll misses you.
You scratch the gnoll.
The gnoll is heavily wounded.
The gnoll completely misses you.
You scratch the gnoll. Your bite misses the gnoll.
The gnoll is severely wounded.
The gnoll misses you.
You scratch the gnoll.
The gnoll is severely wounded.
You block the gnoll's attack.
You scratch the gnoll.
The gnoll is almost dead.
The gnoll completely misses you.
You scratch the gnoll.
You kill the gnoll!
You closely miss the gnoll. The gnoll hits you with a halberd!
Ouch! That really hurt!
You die...

...................#
..#...>.....###.......
..(.......#. ......... .
...#).##### ####.gg......
(..##..## #.>....g..
...###..##### .........
...# #......### ###....g..
..####...####.###g##......
...........#.#_#@#........
...########[###.##########
g..# ### ### ...# ...#
<.## .## ##


You could see a gnoll.

Vanquished Creatures
  3 gnolls
  5 adders
  4 oozes
  A dart slug (D:1)
  A leopard gecko (D:1)
  4 bats
  A giant cockroach (D:1)
  6 goblins
  7 hobgoblins
  6 jackals
  6 kobolds
  2 quokkas (D:2)
  4 frilled lizards
  6 rats
56 creatures vanquished.

Notes
Turn   | Place    | Note
-------+----------+-------------------------------------------
     0 | D:1      | theblackcape the Felid Monk began the quest for the Orb.
     0 | D:1      | Reached XP level 1. HP: 10/10 MP: 2/2
   258 | D:1      | Reached XP level 2. HP: 9/14 MP: 3/3
   964 | D:1      | Reached XP level 3. HP: 17/17 MP: 4/4
  1323 | D:2      | Found an opulent altar of Gozag.
  1405 | D:2      | Gained mutation: You are resistant to electric shocks. (rElec) [potion of mutation]
  1405 | D:2      | Gained mutation: You are partially covered in large bone plates. (SH +4) [potion of mutation]
  1410 | D:2      | Reached skill level 5 in Dodging
  1996 | D:2      | Reached XP level 4. HP: 21/21 MP: 5/5
  2196 | D:3      | Found a stormy altar of Qazlal.
  2244 | D:3      | Reached skill level 6 in Dodging
  2637 | D:2      | Slain by a gnoll
  2638 | D:2      | Reached XP level 3. HP: -2/17 MP: 4/4
  3101 | D:3      | Reached XP level 4. HP: 21/21 MP: 5/5
  3142 | D:3      | Found a sacrificial altar of Ru.
  3257 | D:3      | Found a faded altar of an unknown god.
  3259 | D:3      | Became a worshipper of Xom of Chaos
  3280 | D:3      | Slain by a gnoll

Skill      XL: |  1  2  3  4 |
---------------+-------------+-----
Stealth        | 3 |  3.0
Dodging        | 5 6 |  6.8
Fighting       | |  3.4
Unarmed Combat | |  3.4

Action                   |  1- 3 |  4- 6 || total
-------------------------+-------+-------++-------
Melee: Unarmed           |   121 |    70 ||   191
       Bite              |    12 |     6 ||    18
       Punch             |     2 |     4 ||     6
  Use: Scroll            |     2 |       ||     2
       Potion            |     1 |       ||     1
 Stab: Sleeping          |    10 |     1 ||    11
  Eat: Chunk             |    13 |     1 ||    14
Armor: Skin              |     5 |     1 ||     6
Dodge: Dodged            |   128 |    60 ||   188
Block: Other             |    11 |    11 ||    22
